 Dungeon Crawl Stone Soup version 0.32-a0-314-g526f7d4993 (webtiles) character file.

Game seed: 289959385911110094

36047 whatisthis the Bludgeoner (level 13, 0/127 HPs)
             Began as a Mountain Dwarf Cinder Acolyte on Feb 15, 2024.
             Was an Initiate of Ignis.
             Slain by a catoblepas (22 damage)
             ... on level 5 of the Lair of Beasts.
             The game lasted 01:08:57 (23385 turns).

whatisthis the Bludgeoner (MDCA)                   Turns: 23385, Time: 01:08:58

Health: 0/127      AC: 27    Str: 22    XL:     13   Next: 50%
Magic:  14/14      EV:  7    Int: 15    God:    Ignis [......]
Gold:   1003       SH:  0    Dex:  5    Spells: 14/14 levels left

rFire   + + .        a - +2 flail (protect)
rCold   . . .        (no shield)
rNeg    . . .        C - +0 plate armour
rPois   .            m - +1 hat {Will+}
rElec   .            (no cloak)
rCorr   .            p - +0 pair of gloves
SInv    .            L - +0 pair of boots
Will    +++..        P - amulet of regeneration Stlth
                     i - ring of protection from fire
HPRegen 1.21/turn    k - ring of willpower
MPRegen 0.14/turn

%: no passive effects
@: under a protective aura
A: runic magic, artefact enchanting
a: Renounce Religion


You were on level 5 of the Lair of Beasts.
You worshipped Ignis.
Ignis was noncommittal.
You visited 2 branches of the dungeon, and saw 16 of its levels.

You collected 1003 gold pieces.

Inventory:

Hand Weapons
 a - a +2 flail of protection (weapon)
 b - a +2 whip of venom
Missiles
 d - 32 poisoned darts (quivered)
 D - 4 silver javelins
 I - 2 curare-tipped darts
Armour
 m - a +1 hat of willpower (worn)
 p - a +0 pair of gloves (worn)
 C - a +0 plate armour (worn)
 L - a +0 pair of boots (worn)
Jewellery
 c - a ring of resist corrosion
 i - a ring of protection from fire (left hand)
 k - a ring of willpower (right hand)
 u - a ring of flight
 P - an amulet of regeneration (around neck)
Wands
 H - a wand of digging (6)
 K - a wand of quicksilver (6)
 M - a wand of flame (9)
 O - a wand of polymorph (5)
Scrolls
 g - 2 scrolls of vulnerability
 h - 4 scrolls of enchant armour
 j - 4 scrolls of revelation
 l - 4 scrolls of poison
 o - a scroll of amnesia
 s - 3 scrolls of teleportation
 t - 2 scrolls of fog
 x - a scroll of torment
 y - 3 scrolls of noise
 z - 2 scrolls of silence
Potions
 e - 3 potions of might
 f - 2 potions of curing
 n - 4 potions of berserk rage
 r - 2 potions of brilliance
 v - 2 potions of heal wounds
 A - 2 potions of attraction
 E - 2 potions of lignification
 F - 3 potions of invisibility
 G - 3 potions of ambrosia
 N - a potion of resistance {unknown}


   Skills:
 + Level 15.3 Fighting
 + Level 16.4 Maces & Flails
 + Level 14.5 Armour
 - Level 1.0 Spellcasting
 - Level 3.6 Fire Magic


You had 14 spell levels left.
You didn't know any spells.
Your spell library contained the following spells:

 Spells                   Type           Power      Damage    Failure   Level
 Scorch                   Fire           22%        2d5       14%         2
 Foxfire                  Conj/Fire      24%        2x1d5     21%         1
 Magic Dart               Conj           0%         1d3       38%         1
 Sting                    Conj/Alch      0%         1d3       38%         1
 Blink                    Tloc           0%         N/A       54%         2
 Call Imp                 Summ           0%         N/A       54%         2
 Mercury Vapours          Alch/Air       0%         N/A       54%         2
 Sublimation of Blood     Necr           0%         N/A       54%         2
 Tukima's Dance           Hex            0%         N/A       77%         3
 Dimensional Bullseye     Hex/Tloc       0%         N/A       99%         4
 Iskenderun's Mystic Bla  Conj/Tloc      0%         2d3       99%         4
 Olgreb's Toxic Radiance  Alch           0%         N/A       99%         4
 Petrify                  Alch/Erth      0%         N/A       99%         4
 Irradiate                Conj/Alch      0%         3d11      100%        5
 Plasma Beam              Fire/Air       3%         2x1d13    100%        6
 Starburst                Conj/Fire      3%         6d3       100%        6
 Summon Hydra             Summ           0%         N/A       100%        7


Dungeon Overview and Level Annotations

Branches:
Dungeon (11/15)            Temple (0/1) D:7            Lair (5/5) D:8
  Swamp (0/4) Lair:3       Spider (0/4) Lair:2
  Slime: Lair:4-5       Orc: D:9-12

Altars:
Cheibriados
Fedhas
Gozag
Hepliaklqana
Makhleb
Nemelex Xobeh
Qazlal
Ru
Sif Muna
Trog
Uskayaw
Vehumet
Xom
Yredelemnul
Zin
The Shining One

Shops:
D:6 !   D:8 *

Annotations:
D:3 exclusion: statue
D:8 2 exclusions
D:10 Fannar
Lair:2 exclusion: oklob plant
Lair:3 exclusion: oklob plant


Innate Abilities, Weirdness & Mutations

Your spellcasting is much less encumbered by armour.
You can use scrolls of enchantment on lesser artefacts.


Message History

The catoblepas gores you but does no damage.
You hit the catoblepas.
The catoblepas is lightly wounded.
The catoblepas breathes a plume of calcifying dust at you.
The blast of calcifying dust hits you but does no damage.
The catoblepas attacks as it pursues you!
The catoblepas gores you!
You hit the catoblepas.
The catoblepas is moderately wounded.
You hit the catoblepas but do no damage.
The catoblepas is moderately wounded.
The catoblepas barely misses you.
You hit the catoblepas.
The catoblepas is moderately wounded.
The catoblepas barely misses you.
You thump the catoblepas!
The catoblepas is heavily wounded.
The catoblepas gores you!!
You hit the catoblepas.
The catoblepas is heavily wounded.
You hit the catoblepas.
The catoblepas is heavily wounded.
The catoblepas gores you!
* * * LOW HITPOINT WARNING * * *
You hit the catoblepas.
The catoblepas is severely wounded.
The catoblepas breathes a plume of calcifying dust at you.
The blast of calcifying dust hits you but does no damage.
The catoblepas breathes a plume of calcifying dust at you.
The blast of calcifying dust hits you but does no damage.
The catoblepas gores you!
* * * LOW HITPOINT WARNING * * *
Aiming: Quicksilver Bolt
Press: ? - help, Shift-Dir - straight line, f - catoblepas
Aim: a catoblepas (severely wounded, very poisoned, 100% to hit)
The bolt of dispelling energy hits the catoblepas.
The catoblepas is severely wounded.
The catoblepas gores you!!
You die...
Ignis goes out, and joins you in death.

.....# #.......§...##
.....# ##......§....##
.....#
##.......§......
....#.##........§...#
.....#####......§...##
.....# ##......§...P#
.....# #.......§...P#
##§§§§§§Y...##
#.......@....#
#...........##
##...........#
#..........##
#............#
.............#
............##
...........#


You could see a catoblepas (very poisoned).

Vanquished Creatures
  3 hydras
  A catoblepas (Lair:4)
  2 boulder beetles
  2 cyclopes (D:11)
  A manticore (D:11)
  5 elephants
  15 cane toads
  2 torpor snails
  4 black mambas
  Maggie (D:8)
  A kobold demonologist (D:9)
  4 rime drakes
  8 komodo dragons
  6 trolls
  2 burning bushes (Lair:1)
  3 polar bears
  A hornet (D:7)
  Prince Ribbit (D:7)
  18 blink frogs
  7 dream sheep (Lair:5)
  Sigmund (D:2)
  A wraith (D:8)
  21 yaks
  6 wyverns
  3 basilisks
  A steam dragon (D:6)
  2 acid dragons (D:8)
  18 water moccasins
  4 orc warriors
  2 sky beasts (D:7)
  2 black bears
  4 centaurs
  12 wolves
  2 ogres
  A phantom (D:6)
  8 bullfrogs
  6 kobold brigands
  3 scorpions
  8 wights
  20 killer bees
  2 howler monkeys
  An electric eel (D:8)
  2 bombardier beetles
  7 orc priests
  A hound (D:7)
  2 jellies
  Terence (D:2)
  Jessica (D:2)
  3 iguanas
  9 orc wizards
  4 hell rats (Lair:2)
  8 gnolls
  5 adders
  A white imp (D:7)
  3 dart slugs
  14 orcs
  6 bats
  7 endoplasms
  3 giant cockroaches
  6 goblins
  9 hobgoblins
  7 jackals (D:1)
  25 kobolds
  5 quokkas
  4 ball pythons
  3 frilled lizards
  4 rats
355 creatures vanquished.

Vanquished Creatures (others)
  62 foxfires
62 creatures vanquished.

Grand Total: 417 creatures vanquished

Notes
Turn   | Place    | Note
-------+----------+-------------------------------------------
     0 | D:1      | whatisthis the Mountain Dwarf Cinder Acolyte began the
                  | quest for the Orb.
     0 | D:1      | Reached XP level 1. HP: 19/19 MP: 2/2
   110 | D:1      | Reached skill level 4 in Maces & Flails
   110 | D:1      | Reached XP level 2. HP: 22/26 MP: 3/3
   310 | D:1      | Reached XP level 3. HP: 33/33 MP: 4/4
  1121 | D:2      | Noticed Jessica
  1273 | D:2      | Killed Jessica
  1274 | D:2      | Reached skill level 5 in Maces & Flails
  1274 | D:2      | Reached skill level 1 in Armour
  1274 | D:2      | Reached XP level 4. HP: 26/41 MP: 5/5
  1281 | D:2      | Noticed Terence
  1516 | D:2      | Noticed Sigmund
  1534 | D:2      | Killed Sigmund
  1535 | D:2      | Reached skill level 5 in Fighting
  1535 | D:2      | Reached XP level 5. HP: 46/48 MP: 6/6
  1590 | D:2      | Killed Terence
  1591 | D:2      | Reached XP level 6. HP: 46/56 MP: 7/7
  2007 | D:3      | Found a snail-covered altar of Cheibriados.
  2007 | D:3      | Found a basalt altar of Yredelemnul.
  2139 | D:3      | Reached skill level 6 in Maces & Flails
  2236 | D:3      | Found a radiant altar of Vehumet.
  2397 | D:3      | Found a blossoming altar of Fedhas.
  2518 | D:3      | Noticed a water moccasin
  2523 | D:3      | Killed a water moccasin
  3256 | D:4      | Reached XP level 7. HP: 53/63 MP: 8/8
  3313 | D:4      | Found an opulent altar of Gozag.
  3710 | D:4      | Found a sacrificial altar of Ru.
  3882 | D:5      | Entered Level 5 of the Dungeon
  4003 | D:5      | Reached skill level 7 in Maces & Flails
  4226 | D:5      | Found a bloodstained altar of Trog.
  4472 | D:5      | Found a hide-covered altar of Uskayaw.
  4657 | D:5      | Reached skill level 5 in Armour
  4843 | D:5      | Found a burning altar of Makhleb.
  4844 | D:5      | Found a shimmering altar of Xom.
  5118 | D:6      | Reached XP level 8. HP: 50/71 MP: 5/9
  5470 | D:6      | Reached skill level 8 in Maces & Flails
  5671 | D:6      | Identified the staff of Somewhere Else {Str+5 Earth}
  5899 | D:6      | Found Jocoecatt's Distillery.
  6177 | D:6      | Found a hazy altar of Hepliaklqana.
  6436 | D:7      | Found a staircase to the Ecumenical Temple.
  6715 | D:6      | Reached skill level 9 in Maces & Flails
  6847 | D:7      | Reached XP level 9. HP: 73/82 MP: 10/10
  7423 | D:7      | Found a stormy altar of Qazlal.
  7657 | D:8      | Noticed a troll
  7789 | D:8      | Killed a troll
  7793 | D:8      | Noticed Prince Ribbit
  7948 | D:8      | Reached skill level 10 in Maces & Flails
  8617 | D:8      | Found a shimmering blue altar of Sif Muna.
  8713 | D:7      | Killed Prince Ribbit
  8805 | D:7      | Reached skill level 10 in Fighting
  8805 | D:7      | Reached XP level 10. HP: 70/93 MP: 9/11
  9283 | D:7      | Reached skill level 11 in Maces & Flails
  9519 | D:8      | Found a staircase to the Lair.
  9976 | D:8      | Found Zin's Purification Station.
  9978 | D:8      | Found a glowing silver altar of Zin.
 10321 | D:8      | Noticed Maggie
 10332 | D:8      | Killed Maggie
 11816 | D:9      | Reached skill level 10 in Armour
 12089 | D:9      | Noticed a sixfirhy
 12192 | D:9      | Noticed an orange demon
 12535 | D:9      | Noticed a sixfirhy
 12539 | D:9      | Reached skill level 12 in Maces & Flails
 12805 | D:10     | Entered Level 10 of the Dungeon
 13157 | D:10     | Reached XP level 11. HP: 46/102 MP: 9/12
 13656 | D:10     | Noticed Fannar
 13703 | D:10     | Found a glowing golden altar of the Shining One.
 14192 | Lair:1   | Entered Level 1 of the Lair of Beasts
 15055 | D:11     | Noticed a skeletal warrior
 15176 | D:7      | Reached skill level 13 in Maces & Flails
 16252 | Lair:1   | Identified the +1 short sword "Fairytoa" {heavy, rPois rC+
                  | Dex-5}
 16329 | Lair:1   | Identified the +1 robe "Tyegg" {Dex+3}
 16721 | Lair:1   | Reached XP level 12. HP: 84/115 MP: 10/13
 16724 | Lair:1   | Reached skill level 14 in Maces & Flails
 17145 | Lair:2   | Found a sparkling altar of Nemelex Xobeh.
 18544 | Lair:2   | Found a hole to the Spider Nest.
 18872 | Lair:2   | Noticed an eight-headed hydra
 18882 | Lair:2   | Killed an eight-headed hydra
 19299 | Lair:3   | Reached skill level 15 in Maces & Flails
 20660 | Lair:3   | Found a staircase to the Swamp.
 21040 | Lair:4   | Noticed a boulder beetle
 21270 | Lair:4   | Reached XP level 13. HP: 124/125 MP: 14/14
 21983 | Lair:5   | Entered Level 5 of the Lair of Beasts
 22621 | Lair:4   | Reached skill level 15 in Fighting
 22621 | Lair:4   | Reached skill level 16 in Maces & Flails
 23385 | Lair:5   | Slain by a catoblepas

Illustrated notes

Levels and vault maps discovered:
D:1:      amcnicky_arrival_flooded_fountain, layout_loops_corners
D:2:      layout_rooms, uniq_jessica, uniq_terence, uniq_sigmund
D:3:      layout_basic, fedhas_altar_1, vehumet_statue,
          gammafunk_temple_overflow_wave, minmay_distorted
D:4:      layout_loops_ring, nicolae_ru_great_annihilating_truth,
          grunt_gozag_breadcrumbs
D:5:      layout_rooms, grunt_temple_overflow_champion_of_chaos,
          kennysheep_little_box, nicolae_overflow_crystal_walls
D:6:      layout_rooms, lemuel_coloured_pillars_altar, serial_shops,
          nicolae_shop_real_fake_doors
D:7:      layout_gridville, kennysheep_mini,
          minmay_temple_entry_statues_fountains
D:8:      layout_cave_pools, mainiacjoe_overflow_surrounded_room, zin_purify,
          minmay_lair_entry_grove, minmay_crystal_water,
          nicolae_have_a_lightning_rod, uniq_maggie, uniq_prince_ribbit1
D:9:      layout_cave_pools
D:10:     layout_basic, mainiacjoe_overflow_paths, uniq_fannar
D:11:     layout_stronghold, erik_orc_1, uniq_urug, uniq_erica
Lair:1:   layout_chaotic_city, evilmike_ambush [evilmike_ambush_outer_pillars,
          evilmike_ambush_inner_basic], grunt_megastairs_5, lemuel_fruit_fields
Lair:2:   layout_cave_pods, dummy_spider_entry, basic_altar,
          beast_lair_carwin_2, lemuel_fruit_tree, infiniplex_staircase_pool_2
Lair:3:   layout_cave_pods, swamp_mist_pool
Lair:4:   layout_cave_shapes, st_stairs_10, serial_bayou_shore_a
Lair:5:   grunt_lair_end_beastmaster, layout_big_grid, slime_entry_2,
          chequers_serial_rivers_micro_d

Skill      XL: |  1  2  3  4  5  6  7  8  9 10 11 12 13 |
---------------+----------------------------------------+-----
Maces & Flails | 4 5 6 7 9 10 12 13 15 16 | 16.4
Fighting       | 4 5 6 8 10 11 13 14 15 | 15.3
Armour         | 1 2 3 5 6 8 10 12 13 14 | 14.5
Spellcasting   | |  1.0
Fire Magic     | |  3.6

Action                     |  1- 3 |  4- 6 |  7- 9 | 10-12 | 13-15 || total
---------------------------+-------+-------+-------+-------+-------++-------
  Melee: Mace              |   103 |    98 |       |       |       ||   201
         Flail             |       |    32 |   349 |   901 |   227 ||  1509
         Spear             |       |       |    26 |   153 |       ||   179
         Whip              |       |       |       |   152 |    94 ||   246
  Throw: Dart              |     4 |    12 |    53 |   107 |    21 ||   197
         Javelin           |       |       |     7 |    19 |       ||    26
         Throwing net      |       |       |     1 |       |       ||     1
 Invoke: Foxfire Swarm     |       |     1 |     1 |     3 |       ||     5
         Fiery Armour      |       |     2 |     2 |     2 |       ||     6
         Rising Flame      |       |       |     1 |       |       ||     1
  Evoke: Wand              |       |       |    13 |     2 |     5 ||    20
    Use: Scroll            |       |       |    16 |    10 |     4 ||    30
         Potion            |       |       |       |     2 |     2 ||     4
   Stab: Paralysed         |       |       |     2 |       |       ||     2
 Armour: Robe              |    36 |       |       |       |       ||    36
         Leather armour    |    17 |    36 |       |       |       ||    53
         Ring mail         |       |    49 |   151 |       |       ||   200
         Chain mail        |       |       |   203 |   308 |       ||   511
         Plate armour      |       |       |       |   929 |   321 ||  1250
  Dodge: Dodged            |    66 |    84 |   197 |   480 |    78 ||   905

Table legend: (Time is in decaauts)
 A = Elapsed time spent in this place.
 B = Non-inter-level travel time spent in this place.
 C = Inter-level travel time spent in this place.
 D = Time resting spent in this place.
 E = Time spent auto-exploring this place.
 F = Levels seen in this place.
 G = Mean time per level.
                   A        B        C        D        E       F      G
               +--------+--------+--------+--------+--------+-----+--------+
         Total |  23127 |  22013 |   1114 |   7797 |   6516 |  16 | 1445.4 |
       Dungeon |  15840 |  14843 |    997 |   5564 |   4166 |  11 | 1440.0 |
          Lair |   7286 |   7169 |    117 |   2233 |   2350 |   5 | 1457.2 |
               +--------+--------+--------+--------+--------+-----+--------+

Top non-repeatable levels by time:
     D:8: 3528 daAuts
     D:7: 2638 daAuts
  Lair:2: 1765 daAuts
  Lair:1: 1747 daAuts
  Lair:3: 1580 daAuts
     D:6: 1366 daAuts
    D:10: 1349 daAuts
     D:1: 1261 daAuts
  Lair:4: 1220 daAuts
     D:3: 1188 daAuts
     D:4: 1154 daAuts
     D:9: 1060 daAuts
  Lair:5: 973 daAuts
     D:5: 878 daAuts
    D:11: 796 daAuts
